 Dungeon Crawl Stone Soup version 0.31-a0-1068-g5939ac1fb6 (webtiles) character file.

Game seed: 8156213140213723778

30 Chiseanne the Trooper (level 3, 22/30 HPs)
             Began as a Demonspawn Wanderer on Nov 24, 2023.
             Quit the game on level 1 of the Dungeon.
             The game lasted 00:01:24 (563 turns).

Chiseanne the Trooper (Demonspawn Wanderer)          Turns: 563, Time: 00:01:25

Health: 22/30      AC:  7    Str: 13    XL:     3   Next: 3%
Magic:  3/3        EV:  8    Int: 14    God:
Gold:   13         SH:  4    Dex: 12    Spells: 2/2 levels left

rFire   . . .        a - +0 war axe
rCold   . . .        (no shield)
rNeg    . . .        c - +1 scale mail
rPois   .            (no helmet)
rElec   .            (no cloak)
rCorr   .            (no gloves)
SInv    .            (no boots)
Will    .....        (no amulet) Stlth
                     (no ring)
HPRegen 0.25/turn    (no ring)
MPRegen 0.08/turn

%: no passive effects
@: no status effects
A: condensation shield, weakness stinger 1
a: no special abilities


You were on level 1 of the Dungeon.
You visited 1 branch of the dungeon, and saw 1 of its levels.

You collected 13 gold pieces.

Inventory:

Hand Weapons
 a - a +0 war axe (weapon)
 b - a +0 quarterstaff
Missiles
 f - 3 poisoned darts
 g - 2 stones
Armour
 c - a +1 scale mail (worn)
Scrolls
 d - a scroll of teleportation
 e - a scroll of amnesia
 k - 2 scrolls of enchant armour
Potions
 h - a potion of curing
 i - a potion of resistance {unknown}


   Skills:
 * Level 4.2 Fighting
 - Level 2.6 Axes
 - Level 1.0 Staves
 - Level 2.6 Armour


You had 2 spell levels left.
You didn't know any spells.
Your spell library was empty.

Dungeon Overview and Level Annotations

Branches:
Dungeon (1/15)

Altars:


Innate Abilities, Weirdness & Mutations

A meltable shield of frost defends you. (SH +4)
You have a small tail.


Message History

The endoplasm quivers.
You hit the endoplasm.
The endoplasm is moderately wounded.
You hit the ball python.
You kill the ball python!
The endoplasm hits you but does no damage.
The endoplasm freezes you.
You are frozen.
You hit the endoplasm but do no damage.
The endoplasm is lightly wounded.
The endoplasm hits you.
You hit the endoplasm.
You kill the endoplasm!
An endoplasm comes into view.
The endoplasm quivers.
A ball python comes into view.
The ball python hisses angrily.
The endoplasm freezes you.
You are frozen.
You completely miss the endoplasm. You punch the endoplasm.
The endoplasm is heavily wounded.
The endoplasm freezes you.
You are frozen.
The endoplasm freezes you.
You are frozen.
You slash the endoplasm!
You kill the endoplasm!
You have reached level 3!
Your experience leads to an increase in your attributes!
Increase (s)trength, (i)ntelligence, or (d)exterity?
You feel agile. x2; Your demonic ancestry asserts itself...
You grow a small tail.
Found a robe.
The ball python misses you. The ball python grabs you.
The ball python constricts you. You block the ball python's attack.
The ball python constricts you.
You closely miss the ball python.
Your tail-slap misses the ball python.
You block the ball python's attack. The ball python constricts you.
You slash the ball python!
You kill the ball python!
Are you sure you want to abandon this character and quit the game? (Confirm with "yes".)

#####.. #..[...
#############
#...#.###............
#...#>...............
###...#...#............
#......................
#.....#..##...#######
#.#.#.@##.........##
#.........#######..####
###.##...## #.....# #
#...# #...#.# .......
#...#.. ####...##
#...### #...# #......
#...# ###...# #...#
#####..


There were no monsters in sight!

Vanquished Creatures
  A dart slug (D:1)
  5 endoplasms (D:1)
  2 goblins (D:1)
  3 hobgoblins (D:1)
  2 kobolds (D:1)
  A quokka (D:1)
  5 ball pythons (D:1)
  3 frilled lizards (D:1)
  4 rats (D:1)
26 creatures vanquished.

Notes
Turn   | Place    | Note
-------+----------+-------------------------------------------
     0 | D:1      | Chiseanne the Demonspawn Wanderer began the quest for the
                  | Orb.
     0 | D:1      | Chiseanne set off with the following items: a +0 war axe, a
                  | +0 quarterstaff, a +0 scale mail, a scroll of
                  | teleportation.
     0 | D:1      | Reached XP level 1. HP: 18/18 MP: 1/1
   115 | D:1      | Gained mutation: A meltable shield of frost defends you.
                  | (SH +4) [demonic ancestry]
   115 | D:1      | Reached XP level 2. HP: 24/24 MP: 2/2
   330 | D:1      | Reached skill level 4 in Fighting
   559 | D:1      | Gained mutation: You have a small tail. [demonic ancestry]
   559 | D:1      | Reached XP level 3. HP: 22/30 MP: 3/3
   563 | D:1      | Quit the game

Illustrated notes

Levels and vault maps discovered:
D:1:      minmay_arrival_checkered_box, layout_basic

Skill      XL: |  1  2 |
---------------+-------+-----
Fighting       | 4 |  4.2
Axes           | |  2.6
Staves         | |  1.0
Armour         | |  2.6

Action                     || total
---------------------------++-------
  Melee: War axe           ||    45
         Punch             ||     1
    Use: Scroll            ||     5
 Armour: Scale mail        ||    31
  Dodge: Dodged            ||    14
  Block: Other             ||     7

Table legend: (Time is in decaauts)
 A = Elapsed time spent in this place.
 B = Non-inter-level travel time spent in this place.
 C = Inter-level travel time spent in this place.
 D = Time resting spent in this place.
 E = Time spent auto-exploring this place.
 F = Levels seen in this place.
 G = Mean time per level.
                   A        B        C        D        E       F      G
               +--------+--------+--------+--------+--------+-----+--------+
         Total |    579 |    579 |      0 |      8 |    418 |   1 |  579.0 |
       Dungeon |    579 |    579 |      0 |      8 |    418 |   1 |  579.0 |
               +--------+--------+--------+--------+--------+-----+--------+

Top non-repeatable levels by time:
     D:1: 579 daAuts
